Map: King's Cove LE

Players

Nightmare - Winner!

  • Race: Protoss Protoss
  • League: Silver
  • Spawn Location: 5:00

HELBLAZERO

  • Race: Terran Terran
  • League: Gold
  • Spawn Location: 11:00

VOD

Have the link to the VOD?

Description

Time

  • Played on: Feb. 8, 2019, 10:35 p.m.
  • Length: 13:33
Show
View Real Time Build Order
Export as new Build Order

Nightmare Protoss - Winner!

Build Orders: Zealot Archon 

Get SALT Encoding   

  1  0:00  Probe  
  12  0:05  Probe  
  14  0:15  Probe  
  15  0:23  Pylon  
  15  0:41  Probe, Gateway  
  16  0:53  Probe  
  16  0:56  Gateway  
  17  1:05  Probe, Assimilator  
  18  1:17  Probe  
  19  1:23  Pylon  
  19  1:29  Probe  
  19  1:30  Cybernetics Core  
  20  1:38  Assimilator  
  20  1:41  Probe  
  20  1:45  Warp Gate  
  21  2:01  Probe  
  22  2:08  Stalker  
  24  2:21  Nexus  
  24  2:35  Probe  
  24  2:37  Gateway  
  25  2:53  Probe  
  26  2:59  Gateway  
  26  3:04  Twilight Council  
  27  3:05  Probe  
  27  3:37  Probe x2  
  27  3:39  Zealot  
  27  3:40  Zealot  
  33  3:46  Stalker  
  35  3:49  Probe x2  
  37  4:00  Probe, Charge  
  37  4:01  Probe  
  39  4:07  Templar Archives  
  39  4:08  Probe  
  39  4:13  Probe  
  39  4:16  Probe  
  41  4:21  Sentry  
  44  4:25  Probe  
  45  4:34  Pylon  
  45  4:38  Probe, Pylon  
  45  4:39  Assimilator  
  45  4:42  Assimilator  
  47  4:52  Probe  
  47  4:53  Probe  
  47  4:59  Pylon  
  48  5:05  Probe x2  
  50  5:07  High Templar x2  
  50  5:10  Zealot x2  
  50  5:11  Archon  
  58  5:17  Probe x2  
  60  5:29  Probe x2, Pylon  
  60  5:30  Pylon  
  62  5:39  Forge  
  62  5:40  Gateway  
  62  5:41  Probe  
  63  5:55  High Templar  
  63  5:56  High Templar  
  67  5:57  Zealot x2  
  67  6:00  Archon  
  71  6:07  Gateway  
  71  6:11  Pylon  
  71  6:13  Pylon  
  71  6:14  Protoss Ground Weapons Level 1  
  71  6:20  Stalker x2  
  55  6:52  Zealot x5  
  63  7:00  Pylon  
  63  7:06  Nexus  
  63  7:09  Pylon  
  63  7:10  Pylon  
  63  7:11  Probe x2  
  63  7:12  Pylon  
  63  7:14  Pylon  
  65  7:22  Robotics Facility  
  65  7:23  Probe x2  
  65  7:24  High Templar x2  
  65  7:25  Stalker x3  
  65  7:28  Archon  
  77  7:30  Forge  
  77  7:38  Pylon  
  77  7:39  Shield Battery  
  77  7:40  Protoss Shields Level 1  
  77  7:41  Assimilator  
  77  7:45  Assimilator  
  77  7:46  Protoss Ground Weapons Level 2  
  77  7:50  Gateway, High Templar  
  77  7:51  High Templar  
  81  7:52  High Templar x2  
  81  7:53  Gateway  
  81  7:56  Archon  
  81  7:57  Archon  
  85  7:59  Sentry  
  87  8:17  Zealot  
  89  8:22  Zealot  
  89  8:23  Zealot  
  89  8:25  Probe x2  
  89  8:26  Probe  
  96  8:31  Immortal  
  96  8:37  Probe  
  96  8:38  Probe x2  
  103  8:43  Zealot  
  105  9:01  High Templar x2  
  109  9:04  Zealot  
  109  9:05  Zealot x3  
  109  9:06  Archon  
  117  9:10  Immortal  
  121  9:18  Sentry  
  121  9:24  Zealot, Protoss Ground Armor Level 1  
  125  9:27  Zealot  
  127  9:37  Pylon  
  127  9:39  Warp Prism, Pylon  
  127  9:41  Pylon  
  127  9:44  Pylon  
  127  9:45  Protoss Shields Level 2  
  127  9:49  Stalker x4  
  127  9:50  Stalker  
  139  10:15  Observer  
  140  10:22  Nexus  
  140  10:24  Pylon  
  140  10:26  Pylon  
  140  10:28  High Templar x2, Pylon  
  142  10:29  High Templar x2  
  142  10:31  Pylon  
  142  10:32  Archon  
  142  10:33  Archon  
  142  10:35  Zealot x3  
  154  10:52  Immortal  
  154  10:56  Robotics Bay  
  158  10:59  High Templar x2  
  158  11:02  Stalker x2  
  158  11:03  Zealot x2  
  170  11:05  Archon  
  170  11:16  Zealot x2  
  174  11:25  High Templar x2  
  174  11:30  Archon  
  178  11:34  Colossus  
  184  11:56  Assimilator  
  184  12:01  Assimilator  
  184  12:03  Stargate  
  184  12:14  Probe x2  
  184  12:15  Probe x2  
  188  12:23  Zealot x3  
  188  12:24  Zealot x3  
  200  12:51  Fleet Beacon  
  198  13:17  Zealot  
Show
View Real Time Build Order
Export as new Build Order

HELBLAZERO Terran 

Build Orders: Gas First Reaper Expand 

Get SALT Encoding   

  12  0:00  SCV  
  13  0:13  SCV  
  14  0:18  Supply Depot  
  14  0:26  Refinery  
  14  0:29  SCV  
  15  0:42  SCV  
  16  0:47  Barracks  
  16  0:58  SCV  
  17  1:12  SCV  
  18  1:34  Reaper, Orbital Command  
  19  1:47  Command Center  
  19  1:57  Factory  
  19  2:00  SCV  
  20  2:21  SCV  
  21  2:24  Barracks Reactor  
  21  2:30  Supply Depot  
  21  2:33  SCV  
  22  2:41  Factory Tech Lab, Barracks  
  22  2:45  SCV  
  23  2:58  SCV, Refinery  
  23  2:59  Orbital Command  
  23  3:02  Marine, Siege Tank  
  23  3:04  Marine  
  29  3:32  Marine  
  29  3:33  Barracks Reactor, Marine  
  31  3:35  SCV  
  32  3:50  Marine x2, Siege Tank, Refinery  
  36  4:07  SCV x2  
  38  4:12  Starport  
  38  4:18  Supply Depot x2  
  38  4:19  SCV x2  
  38  4:20  Marine x2  
  38  4:21  Marine x2  
  44  4:31  Liberator  
  44  4:38  Marine x2  
  44  4:39  Marine, Siege Tank  
  50  4:50  SCV x2  
  55  5:09  Marine x2  
  55  5:10  Marine x2  
  55  5:12  Siege Tank  
  62  5:21  Refinery  
  62  5:30  Engineering Bay  
  62  5:32  Supply Depot  
  62  5:34  Supply Depot  
  62  5:35  Supply Depot  
  62  5:53  SCV x2, Marine x4  
  62  5:56  Command Center, Starport Reactor  
  68  6:02  Siege Tank  
  71  6:11  Marine x4  
  55  6:46  Marine  
  49  6:47  Marine x3  
  49  6:53  Siege Tank  
  53  6:55  Medivac  
  53  6:57  SCV x2  
  54  7:02  Barracks x2  
  54  7:03  Terran Infantry Weapons Level 1  
  54  7:04  Marine  
  54  7:05  Marine x3  
  58  7:14  Orbital Command  
  58  7:22  Marine  
  58  7:23  Marine, Liberator x2  
  58  7:27  SCV  
  58  7:28  SCV  
  58  7:29  Marine x2  
  63  7:30  Siege Tank  
  67  7:43  SCV  
  74  7:49  Supply Depot  
  74  7:51  Supply Depot, Orbital Command  
  74  7:53  Barracks Tech Lab  
  74  7:54  Barracks Tech Lab  
  74  7:57  Orbital Command  
  74  8:04  Marine x2  
  74  8:05  Marine x2  
  78  8:42  Marine x3  
  78  8:44  Marine, Marauder  
  78  8:45  Marauder  
  78  8:46  Concussive Shells, Stimpack  
  78  8:48  Medivac x2  
  88  8:51  SCV x3  
  93  9:03  Marine  
  93  9:04  Marine x3  
  93  9:06  Liberator x2  
  97  9:14  Engineering Bay  
  97  9:15  Armory  
  97  9:24  Marine x3  
  103  9:25  Marine  
  103  9:27  Widow Mine  
  103  9:29  Sensor Tower  
  109  9:39  Marauder x2  
  109  9:41  SCV x3  
  109  9:42  Marine  
  117  9:46  Terran Infantry Armor Level 1  
  117  9:54  Supply Depot x2  
  117  9:56  Supply Depot  
  117  10:15  Marine x3  
  117  10:18  SCV x3  
  117  10:20  Marine, Marauder x2  
  130  10:24  Siege Tank  
  131  10:33  Marine x3  
  134  10:43  Marine, Marauder x2  
  134  10:47  Terran Vehicle Weapons Level 1  
  134  10:48  Sensor Tower  
  139  10:51  Supply Depot, Marine x2  
  139  10:52  Supply Depot  
  141  10:59  Refinery  
  141  11:00  Refinery  
  141  11:06  Combat Shield  
  141  11:12  SCV x3, Siege Tank  
  147  11:31  Starport  
  147  11:32  Starport  
  147  11:34  Sensor Tower  
  147  11:39  Fusion Core  
  147  11:58  SCV x2, Command Center  
  147  11:59  SCV  
  150  12:09  Starport Tech Lab x2  
  150  12:12  SCV  
  150  12:13  SCV x2  
  153  12:15  Sensor Tower  
  153  12:18  Marine  
  153  12:19  Marine x3  
  157  12:27  Supply Depot  
  157  12:28  Supply Depot x3  
  157  12:48  Marine x2  
  157  12:49  SCV x3, Medivac  
Tags
 
Add a new tag
Caveats
  • Supply blocks, unpowered buildings, or Contaminate may cause inaccurate times.
  • Supply counts are checked every 10 seconds.